[Event "International chess holiday K21"]
[Site "?"]
[Date "2017.07.23"]
[Round "2"]
[White "Kasparova, Tatiana"]
[Black "Vojta, Jakub"]
[Result "1/2-1/2"]
[ECO "B55"]
[WhiteElo "2190"]
[BlackElo "1945"]
[Annotator "Koller,Martin"]
[PlyCount "111"]
[TimeControl "240+2"]

{279MB} 1. e4 c5 2. Nf3 d6 3. d4 cxd4 4. Nxd4 Nf6 5. f3 Nc6 6. c4 Qb6 7. Nc2 g6
8. Nc3 Bg7 9. Rb1 O-O 10. Be3 Qd8 11. Be2 Be6 12. O-O Rc8 13. Nd5 b6 14. Qd2
Ne5 15. b3 Qd7 16. Nd4 Nc6 17. Rbc1 Nxd4 18. Bxd4 Bxd5 19. cxd5 Rxc1 20. Rxc1
Rc8 21. Be3 Rc7 22. a4 Qc8 23. Rxc7 Qxc7 24. Bb5 Nd7 25. Bxd7 Qxd7 26. Qc2 e6
27. Qc6 Qe7 28. Qc8+ Bf8 29. Qc4 h5 30. b4 exd5 31. Qxd5 Qe5 32. Qxe5 dxe5 33.
b5 Bb4 34. Bg5 Kg7 35. Bd8 Bd6 36. Bh4 f6 37. Kf1 Kf7 38. Ke2 Ke6 39. Kd3 Bc5
40. Kc4 Be3 41. Be1 Bg1 42. h3 Be3 43. g4 Bg1 44. gxh5 gxh5 45. Bd2 Bf2 46. a5
Bg1 47. a6 Bc5 48. f4 exf4 49. Bxf4 Bd6 50. Be3 Bc7 51. Bf2 Bb8 52. Kd3 Bc7 53.
Ke2 Bb8 54. Kf3 Bc7 55. Be3 Bb8 56. Bd4 1/2-1/2

[Event "International chess holiday K22"]
[Site "?"]
[Date "2017.07.23"]
[Round "2"]
[White "Sedlak, Ludek"]
[Black "Michalek, Frantisek"]
[Result "1/2-1/2"]
[ECO "B02"]
[WhiteElo "1935"]
[BlackElo "2065"]
[Annotator "Koller,Martin"]
[PlyCount "30"]
[TimeControl "240+2"]

{279MB} 1. e4 Nf6 2. Bc4 Nxe4 3. Bxf7+ Kxf7 4. Qh5+ Kg8 5. Qd5+ e6 6. Qxe4 d5
7. Qe2 c5 8. Nf3 Nc6 9. d3 Bd6 10. O-O Qf6 11. Nc3 Ne5 12. Nxe5 Qxe5 13. Qxe5
Bxe5 14. Re1 Bxc3 15. bxc3 Bd7 1/2-1/2

[Event "International chess holiday K22"]
[Site "?"]
[Date "2017.07.23"]
[Round "2"]
[White "Mathias, Philipp"]
[Black "Sniegon, Adam"]
[Result "1-0"]
[ECO "B13"]
[WhiteElo "1982"]
[BlackElo "1740"]
[Annotator "Koller,Martin"]
[PlyCount "79"]
[TimeControl "240+2"]

{279MB} 1. e4 c6 2. d4 d5 3. exd5 cxd5 4. Bd3 Nc6 5. c3 Nf6 6. h3 Qc7 7. Nf3 e6
8. O-O Bd6 9. Re1 O-O 10. Qe2 Nd7 11. Nbd2 Re8 12. Nf1 e5 13. dxe5 Ncxe5 14.
Bf4 Nxf3+ 15. Qxf3 Rxe1 16. Rxe1 Bxf4 17. Re8+ Nf8 18. Bxh7+ Kxh7 19. Rxf8 g6
20. g3 Bg4 21. hxg4 Rxf8 22. gxf4 Rd8 23. Ne3 d4 24. cxd4 Qc1+ 25. Kg2 Qxb2 26.
d5 Qxa2 27. f5 Qb2 28. Qf4 Qf6 29. g5 Qg7 30. Qc7 Re8 31. Ng4 Qf8 32. Nf6+ Kg7
33. Nxe8+ Qxe8 34. f6+ Kg8 35. Qe7 Qa4 36. Qe2 a5 37. f3 Qd7 38. Qe5 Qb5 39.
Qe4 b6 40. d6 1-0

[Event "International chess holiday K22"]
[Site "?"]
[Date "2017.07.23"]
[Round "2"]
[White "Kovar, Jan"]
[Black "Vorisek, Jakub"]
[Result "0-1"]
[ECO "B31"]
[WhiteElo "1870"]
[BlackElo "1883"]
[Annotator "Koller,Martin"]
[PlyCount "70"]
[TimeControl "240+2"]

{279MB} 1. e4 c5 2. Nf3 Nc6 3. Bb5 g6 4. Bxc6 dxc6 5. h3 Bg7 6. d3 e5 7. Be3 b6
8. Qd2 Ne7 9. Nc3 O-O 10. Bh6 Qc7 11. Bxg7 Kxg7 12. Nh2 Be6 13. Ng4 Ng8 14.
O-O-O b5 15. b3 Rfd8 16. Qe3 Qd6 17. Rhf1 Qd4 18. Qxd4 cxd4 19. Ne2 Bxg4 20.
hxg4 f6 21. g3 Rac8 22. Kd2 c5 23. c4 a6 24. Kc2 Rb8 25. Rb1 Rd6 26. f3 Rdb6
27. Ng1 Ne7 28. Ne2 Nc6 29. a3 Na5 30. Rfd1 bxc4 31. bxc4 Nxc4 32. Rxb6 Ne3+
33. Kd2 Rxb6 34. Rc1 Rb2+ 35. Ke1 c4 0-1

[Event "International chess holiday K22"]
[Site "?"]
[Date "2017.07.23"]
[Round "2"]
[White "Trebbin, Wolfhard"]
[Black "Hammerman, Christian"]
[Result "0-1"]
[ECO "E67"]
[WhiteElo "1947"]
[BlackElo "1836"]
[Annotator "Koller,Martin"]
[PlyCount "81"]
[TimeControl "240+2"]

{279MB} 1. d4 Nf6 2. Nf3 g6 3. g3 Bg7 4. Bg2 d6 5. O-O O-O 6. c4 Nbd7 7. Nc3 e5
8. dxe5 dxe5 9. Qc2 c6 10. Rd1 Qe7 11. Bg5 h6 12. Bd2 a5 13. Na4 Ng4 14. h3
Ngf6 15. Be3 Rb8 16. Nb6 Nxb6 17. Bxb6 Ra8 18. Nd2 Nd7 19. Be3 f5 20. Nf1 f4
21. Bd2 Qg5 22. h4 Qf6 23. Be1 Nc5 24. e4 f3 25. Bh1 Ne6 26. Rd6 Qe7 27. c5 Nd4
28. Qd3 g5 29. hxg5 Ne2+ 30. Kh2 Qf7 31. g6 Qe7 32. Bxf3 Nd4 33. Bg2 Bg4 34. f3
Nxf3+ 35. Bxf3 Rxf3 36. Ne3 Qg5 37. Qc4+ Kh8 38. Nxg4 Qxg4 39. Rd7 Raf8 40. Kg2
Re3 41. Rd3 0-1

[Event "International chess holiday M21"]
[Site "?"]
[Date "2017.07.24"]
[Round "3"]
[White "Hentzgen, Thomas"]
[Black "Houska, Jiri"]
[Result "1-0"]
[ECO "D85"]
[WhiteElo "2015"]
[BlackElo "2191"]
[Annotator "Koller,Martin"]
[PlyCount "111"]
[TimeControl "240+2"]

{279MB} 1. d4 Nf6 2. c4 g6 3. Nc3 d5 4. cxd5 Nxd5 5. e4 Nxc3 6. bxc3 Bg7 7. Be3
O-O 8. Qd2 c5 9. Rd1 Qa5 10. Nf3 Nc6 11. Be2 Bg4 12. O-O Rfd8 13. Qb2 cxd4 14.
cxd4 Qb4 15. Qxb4 Nxb4 16. Rd2 b6 17. h3 Bxf3 18. Bxf3 Rac8 19. d5 Rc3 20. Rb1
Nc2 21. Bg5 Kf8 22. Bg4 h6 23. Bf4 h5 24. Bd1 Rdc8 25. Rc1 Nb4 26. Rxc3 Bxc3
27. Re2 Nd3 28. Bh6+ Bg7 29. Bxg7+ Kxg7 30. Ba4 Rc1+ 31. Kh2 Re1 32. Rxe1 Nxe1
33. Bb5 Nc2 34. h4 Nd4 35. a4 f5 36. e5 f4 37. Kh3 a5 38. Be8 Nf5 39. g4 fxg3
40. fxg3 Ne3 41. d6 exd6 42. exd6 Kf6 43. d7 Ke7 44. Bxg6 b5 45. axb5 a4 46.
Bxh5 Nc4 47. Bd1 a3 48. Bb3 Nb6 49. h5 Nxd7 50. Kh4 Nc5 51. Ba2 Na4 52. Kg5 Nc3
53. Bc4 Nxb5 54. h6 Kf8 55. Kg6 a2 56. Bxa2 1-0

[Event "International chess holiday M21"]
[Site "?"]
[Date "2017.07.24"]
[Round "3"]
[White "Vojta, Tomas"]
[Black "Dock, Lars"]
[Result "1-0"]
[ECO "C00"]
[WhiteElo "2367"]
[BlackElo "2027"]
[Annotator "Koller,Martin"]
[PlyCount "83"]
[TimeControl "240+2"]

{279MB} 1. e4 e6 2. Qe2 c5 3. f4 Nc6 4. Nf3 Nf6 5. d3 Be7 6. g3 b6 7. Bh3 Bb7
8. O-O d5 9. e5 Nd7 10. Nc3 a6 11. f5 Nf8 12. fxe6 Nxe6 13. Qf2 O-O 14. Ne2 d4
15. Nf4 Ng5 16. Bg2 Qd7 17. Nxg5 Bxg5 18. Nd5 Bxc1 19. Raxc1 Rae8 20. Nxb6 Qc7
21. Nd5 Qb8 22. Rce1 Rxe5 23. Rxe5 Nxe5 24. Qf5 Ng6 25. b3 Bc8 26. Qh5 Qd6 27.
Be4 Bd7 28. Nf4 Bc6 29. Bxc6 Qxc6 30. Qf5 Re8 31. Nxg6 Qxg6 32. Qxc5 Qg4 33.
Qd5 Rf8 34. Kg2 h5 35. Rf4 Qe2+ 36. Rf2 Qg4 37. h3 Qd1 38. Qxd4 Re8 39. Qd7 Re1
40. Qxf7+ Kh7 41. Qf3 Rg1+ 42. Kh2 1-0

[Event "International chess holiday M21"]
[Site "?"]
[Date "2017.07.24"]
[Round "3"]
[White "Lokander, Martin"]
[Black "Kasparov, Sergey"]
[Result "1/2-1/2"]
[ECO "D13"]
[WhiteElo "2329"]
[BlackElo "2474"]
[Annotator "Koller,Martin"]
[PlyCount "21"]
[TimeControl "240+2"]

{279MB} 1. d4 d5 2. c4 c6 3. Nf3 Nf6 4. Nc3 a6 5. cxd5 cxd5 6. Bf4 Nc6 7. Rc1
Nh5 8. Bd2 Nf6 9. Bf4 Nh5 10. Bd2 Nf6 11. Bf4 1/2-1/2

[Event "International chess holiday M21"]
[Site "?"]
[Date "2017.07.24"]
[Round "3"]
[White "Thomasson, Staffan"]
[Black "Malinarski, Yehuda"]
[Result "0-1"]
[ECO "E62"]
[WhiteElo "1921"]
[BlackElo "2081"]
[Annotator "Koller,Martin"]
[PlyCount "56"]
[TimeControl "240+2"]

{279MB} 1. c4 Nf6 2. g3 g6 3. Bg2 Bg7 4. Nc3 d6 5. d4 O-O 6. Nf3 Nc6 7. O-O e5
8. e3 a6 9. b3 Bg4 10. h3 Bd7 11. Bb2 Rb8 12. dxe5 Nxe5 13. Nxe5 dxe5 14. Nd5
Nxd5 15. cxd5 c6 16. dxc6 Bxc6 17. Bxc6 bxc6 18. Qe2 Rb5 19. Rfc1 Qd7 20. Kh2
h5 21. Rc2 Rc8 22. Rac1 c5 23. Qc4 a5 24. Qh4 Qb7 25. Ba3 Bf8 26. Qc4 Kh7 27.
Rd1 Rb6 28. Rcd2 Qf3 neèitelné 0-1

[Event "International chess holiday M21"]
[Site "?"]
[Date "2017.07.24"]
[Round "3"]
[White "Hogeman, Joel"]
[Black "Hartwig, Maik"]
[Result "1/2-1/2"]
[ECO "A03"]
[WhiteElo "2091"]
[BlackElo "2097"]
[Annotator "Koller,Martin"]
[PlyCount "74"]
[TimeControl "240+2"]

{279MB} 1. f4 g6 2. Nf3 Bg7 3. g3 Nf6 4. Bg2 O-O 5. O-O d5 6. d3 c6 7. c3 Nbd7
8. Qc2 Re8 9. e4 e5 10. Nxe5 Nxe5 11. fxe5 Rxe5 12. d4 Rxe4 13. Bxe4 Nxe4 14.
Nd2 Nxd2 15. Bxd2 Bf5 16. Rxf5 gxf5 17. Rf1 Qd7 18. Qxf5 Qxf5 19. Rxf5 Re8 20.
Kf2 f6 21. g4 Kf7 22. h3 Kg6 23. Be3 Re6 24. Rh5 Bf8 25. Ke2 Bd6 26. Kd3 Re8
27. Bd2 Bc7 28. c4 dxc4+ 29. Kxc4 Re2 30. Bc3 Rh2 31. d5 cxd5+ 32. Kxd5 Be5 33.
Kc4 Bxc3 34. Kxc3 f5 35. Rxf5 Rxh3+ 36. Kc2 Rg3 37. Rf4 Rg2+ 1/2-1/2

[Event "International chess holiday K21"]
[Site "?"]
[Date "2017.07.24"]
[Round "3"]
[White "Morling, Joakim"]
[Black "Žáèek, Petr"]
[Result "1-0"]
[ECO "D36"]
[WhiteElo "2000"]
[BlackElo "1939"]
[Annotator "Koller,Martin"]
[PlyCount "79"]
[TimeControl "240+2"]

{279MB} 1. d4 d5 2. c4 e6 3. Nc3 Nf6 4. cxd5 exd5 5. Bg5 Be7 6. e3 c6 7. Bd3
O-O 8. Qc2 h6 9. Bh4 Nbd7 10. Nge2 c5 11. dxc5 Nxc5 12. O-O b6 13. Rfd1 Bb7 14.
Rac1 Nxd3 15. Rxd3 g5 16. Bg3 Rc8 17. Rdd1 Bd6 18. Qd3 Bxg3 19. Nxg3 Qd7 20.
Qf5 Qe6 21. Nb5 a6 22. Nd4 Qe7 23. Qh3 h5 24. Nxh5 Nh7 25. Ng3 Qe5 26. Qf5 Qxf5
27. Ngxf5 Rcd8 28. Rc7 Ba8 29. Kf1 Nf6 30. Ke2 Ne4 31. b4 Nd6 32. Nxd6 Rxd6 33.
Rdc1 Kh7 34. Re7 Kg6 35. Ra7 b5 36. Rac7 f5 37. Rc8 Rxc8 38. Rxc8 Bb7 39. Rc7
Ba8 40. Ra7 1-0

[Event "International chess holiday K21"]
[Site "?"]
[Date "2017.07.24"]
[Round "3"]
[White "Spindler, Markus"]
[Black "Schoenmakers, Nico"]
[Result "1-0"]
[ECO "B22"]
[WhiteElo "1979"]
[BlackElo "1808"]
[Annotator "Koller,Martin"]
[PlyCount "49"]
[TimeControl "240+2"]

{279MB} 1. e4 c5 2. c3 d5 3. exd5 Qxd5 4. d4 Nf6 5. Nf3 Bg4 6. Be2 e6 7. h3 Bh5
8. O-O Nc6 9. Na3 cxd4 10. Nb5 Qd8 11. Nbxd4 Nxd4 12. Qxd4 Qxd4 13. cxd4 a6 14.
Bf4 Be7 15. Rac1 Nd5 16. Bd2 O-O 17. g4 Bg6 18. Ne5 Rac8 19. Bf3 Rfe8 20. Rfe1
Bf6 21. g5 Be7 22. Nxg6 hxg6 23. Rxc8 Rxc8 24. Bxd5 Rc2 25. Bc3 1-0

[Event "International chess holiday K21"]
[Site "?"]
[Date "2017.07.24"]
[Round "3"]
[White "Vojta, Jakub"]
[Black "Rull, Michael"]
[Result "1-0"]
[ECO "B30"]
[WhiteElo "1945"]
[BlackElo "1805"]
[Annotator "Koller,Martin"]
[PlyCount "73"]
[TimeControl "240+2"]

{279MB} 1. e4 c5 2. Nf3 Nc6 3. Bb5 a6 4. Bxc6 dxc6 5. O-O Bg4 6. d3 g6 7. h3
Bxf3 8. Qxf3 Bg7 9. c3 Nf6 10. Rd1 O-O 11. Be3 Nd7 12. Na3 b5 13. d4 cxd4 14.
cxd4 c5 15. dxc5 Bxb2 16. Bh6 Ne5 17. Qb3 Bxa1 18. Bxf8 Qxf8 19. Rxa1 e6 20.
Rc1 b4 21. Qg3 Nd7 22. c6 Rc8 23. Nb1 Qg7 24. Kh2 Nb8 25. c7 Nd7 26. Rd1 f5 27.
Qd6 Nf8 28. Rc1 Qb2 29. Qc5 Nd7 30. Qe3 Rxc7 31. Rxc7 Qe5+ 32. Qg3 f4 33. Rc8+
Kf7 34. Qh4 f3+ 35. g3 Qb2 36. Qxh7+ Kf6 37. Qh8+ 1-0

[Event "International chess holiday K21"]
[Site "?"]
[Date "2017.07.24"]
[Round "3"]
[White "Vlkova, Anezka"]
[Black "Kasparova, Tatiana"]
[Result "0-1"]
[ECO "C41"]
[WhiteElo "1828"]
[BlackElo "2190"]
[Annotator "Koller,Martin"]
[PlyCount "124"]
[TimeControl "240+2"]

{279MB} 1. e4 d6 2. d4 Nf6 3. Nc3 e5 4. Nf3 Nbd7 5. g4 Nxg4 6. Rg1 Ngf6 7. Bc4
exd4 8. Nxd4 Ne5 9. Bb3 Bd7 10. f4 Nc6 11. Be3 Qe7 12. Qd3 g6 13. O-O-O Bg7 14.
Nd5 Nxd5 15. exd5 Nxd4 16. Bxd4 O-O 17. Bxg7 Kxg7 18. f5 Rae8 19. Rg3 Qe4 20.
fxg6 Qxd3 21. gxf7+ Qxg3 22. fxe8=Q Rxe8 23. hxg3 Re3 24. Rg1 Re2 25. Bc4 Re5
26. Kd2 b5 27. Bb3 Bg4 28. Rf1 a5 29. Rf4 h5 30. a4 Re2+ 31. Kd3 Rg2 32. axb5
Rxg3+ 33. Kd4 h4 34. Bc4 h3 35. Bd3 Bf3 36. Rh4 Rg4+ 37. Rxg4+ Bxg4 38. Ke3 Kf6
39. Kf4 h2 40. Be4 Bf5 41. Bh1 Bxc2 42. Bg2 Bd3 43. Bh1 Bxb5 44. Bg2 Bd3 45.
Bf3 Bb1 46. Bg2 Ke7 47. Kg3 Kd8 48. Kxh2 Kc8 49. Kg3 Kb7 50. Kf4 Kb6 51. Kg5
Kc5 52. Kf6 Ba2 53. Be4 Bxd5 54. Bc2 Bc4 55. Kf5 Kd4 56. Kf4 c5 57. Kf3 d5 58.
Kf2 Bd3 59. Bb3 c4 60. Ba4 c3 61. bxc3+ Kxc3 62. Ke1 Bc2 0-1

[Event "International chess holiday K21"]
[Site "?"]
[Date "2017.07.24"]
[Round "3"]
[White "Sittinger, Lutz"]
[Black "Ekberg, Karl"]
[Result "1/2-1/2"]
[ECO "B13"]
[WhiteElo "1867"]
[BlackElo "1848"]
[Annotator "Koller,Martin"]
[PlyCount "63"]
[TimeControl "240+2"]

{279MB} 1. e4 c6 2. d4 d5 3. exd5 cxd5 4. c4 Nf6 5. Nc3 Nc6 6. Nf3 Bg4 7. Be3
e6 8. Be2 Be7 9. O-O O-O 10. c5 Ne4 11. h3 Nxc3 12. bxc3 Bh5 13. Rb1 b6 14. Qa4
Na5 15. g4 Bg6 16. Rb5 f6 17. Rb2 Qc7 18. cxb6 axb6 19. Qb5 Rfb8 20. Nh4 Be8
21. Qd3 g5 22. Ng2 Nc4 23. Rb3 Bg6 24. Qd1 Rxa2 25. Bd3 Bxd3 26. Qxd3 Rba8 27.
Rfb1 Bd6 28. Bc1 Ra1 29. Ne3 R8a2 30. Kg2 Bf4 31. Rxa1 Rxa1 32. Bb2 neèitelné 1/2-1/2

[Event "International chess holiday K22"]
[Site "?"]
[Date "2017.07.24"]
[Round "3"]
[White "Michalek, Frantisek"]
[Black "Philipp, Mathias"]
[Result "0-1"]
[ECO "C41"]
[WhiteElo "2065"]
[BlackElo "1982"]
[Annotator "Koller,Martin"]
[PlyCount "56"]
[TimeControl "240+2"]

{279MB} 1. e4 d6 2. d4 Nf6 3. Nc3 Nbd7 4. Nf3 e5 5. Bc4 Be7 6. O-O c6 7. Re1
Qc7 8. a4 h6 9. a5 g5 10. b3 Nf8 11. d5 Ng6 12. Be3 Rg8 13. a6 b5 14. Be2 b4
15. Na4 Nxe4 16. dxc6 Rb8 17. Bc4 Nf6 18. c3 g4 19. cxb4 gxf3 20. g3 Be6 21.
Bxe6 fxe6 22. Qxf3 d5 23. Bxh6 e4 24. Qe2 Nh4 25. Rec1 Nf3+ 26. Kf1 Ng4 27. Be3
Ngxh2+ 28. Kg2 Nh4+ 0-1

[Event "International chess holiday K22"]
[Site "?"]
[Date "2017.07.24"]
[Round "3"]
[White "Sniegon, Adam"]
[Black "Trebbin, Wolfhard"]
[Result "1-0"]
[ECO "D51"]
[WhiteElo "1740"]
[BlackElo "1947"]
[Annotator "Koller,Martin"]
[PlyCount "69"]
[TimeControl "240+2"]

{279MB} 1. d4 d5 2. c4 c6 3. Nc3 Nf6 4. Nf3 Nbd7 5. cxd5 cxd5 6. Bg5 e6 7. e3
Bd6 8. Bd3 O-O 9. Qc2 h6 10. Bh4 a6 11. O-O g5 12. Bg3 Bxg3 13. fxg3 b5 14. h4
g4 15. Ne5 Nxe5 16. dxe5 Nd7 17. Bh7+ Kh8 18. Nxd5 exd5 19. e6 Ne5 20. exf7 Be6
21. Bg8 Rxg8 22. fxg8=Q+ Kxg8 23. Qc3 Qd6 24. Kh2 Rc8 25. Qd2 Nc4 26. Qf2 Rf8
27. Qc2 Bf7 28. Qe2 Qe6 29. Rae1 Ne5 30. b3 Rc8 31. Rf4 Bg6 32. Ref1 Rc2 33.
Rf8+ Kg7 34. Qd1 Bd3 35. R1f4 1-0

[Event "International chess holiday K22"]
[Site "?"]
[Date "2017.07.24"]
[Round "3"]
[White "Hammermann, Christian"]
[Black "Kolar, Jan"]
[Result "1/2-1/2"]
[ECO "C00"]
[WhiteElo "1836"]
[BlackElo "1870"]
[Annotator "Koller,Martin"]
[PlyCount "55"]
[TimeControl "240+2"]

{279MB} 1. e4 e6 2. d3 d5 3. Nd2 Nf6 4. Ngf3 b6 5. g3 dxe4 6. dxe4 Bb7 7. Qe2
Be7 8. Bg2 O-O 9. O-O c5 10. b3 Qc7 11. Bb2 Nc6 12. Rad1 Rfd8 13. e5 Ne8 14. h4
Rd7 15. Ne4 Rad8 16. Rxd7 Rxd7 17. Nfg5 Nxe5 18. Qh5 Bxg5 19. Qxg5 f5 20. Nc3
Bxg2 21. Kxg2 Qc6+ 22. f3 Nf7 23. Qe3 Nc7 24. Re1 Re7 25. Rd1 Rd7 26. Re1 Re7
27. Rd1 Rd7 28. Re1 1/2-1/2

[Event "International chess holiday K22"]
[Site "?"]
[Date "2017.07.24"]
[Round "3"]
[White "Vorisek, Jakub"]
[Black "Pribyl, Jaroslav"]
[Result "0-1"]
[ECO "B19"]
[WhiteElo "1883"]
[BlackElo "1951"]
[Annotator "Koller,Martin"]
[PlyCount "60"]
[TimeControl "240+2"]

{279MB} 1. e4 c6 2. d4 d5 3. Nc3 dxe4 4. Nxe4 Bf5 5. Ng3 Bg6 6. Nf3 Nd7 7. h4
h6 8. h5 Bh7 9. Bd3 Bxd3 10. Qxd3 e6 11. Bf4 Qa5+ 12. Bd2 Bb4 13. c3 Be7 14. c4
Bb4 15. a3 Bxd2+ 16. Qxd2 Qxd2+ 17. Nxd2 Ngf6 18. Nde4 Ke7 19. f3 Rhd8 20.
O-O-O b6 21. Kc2 b5 22. b3 a5 23. Nc3 bxc4 24. bxc4 Nb6 25. c5 Nc4 26. Rhe1
Rab8 27. Nb1 Nd5 28. Nf1 Rb7 29. Nbd2 Nxa3+ 30. Kd3 Nf4+ 0-1

[Event "International chess holiday K22"]
[Site "?"]
[Date "2017.07.24"]
[Round "3"]
[White "Reichmann, Steffen"]
[Black "Sedlak, Ludek"]
[Result "1/2-1/2"]
[ECO "B20"]
[WhiteElo "1968"]
[BlackElo "1935"]
[Annotator "Koller,Martin"]
[PlyCount "143"]
[TimeControl "240+2"]

{279MB} 1. e4 c5 2. a3 Nc6 3. b4 e5 4. b5 Nd4 5. c3 Ne6 6. Bc4 Nf6 7. d3 Bd6 8.
Nf3 Bc7 9. O-O O-O 10. Re1 Re8 11. Nbd2 d5 12. exd5 Nf4 13. Ne4 N6xd5 14. Nfg5
h6 15. Bxf4 hxg5 16. Bxg5 Qd7 17. Qf3 Nb6 18. Qh5 Qf5 19. Ng3 Qd7 20. Bb3 c4
21. dxc4 Qg4 22. Qxg4 Bxg4 23. c5 Nd7 24. Be3 Be6 25. Bxe6 Rxe6 26. Rad1 Nf8
27. Ne4 f5 28. Nd6 f4 29. Bc1 Rb8 30. Ne4 Ree8 31. c4 Ba5 32. Bd2 Bxd2 33. Rxd2
Ne6 34. f3 Re7 35. Rd5 Nd4 36. Nd6 Nc2 37. Rexe5 Rxe5 38. Rxe5 Nxa3 39. Rf5 Rf8
40. Rxf8+ Kxf8 41. Kf2 Ke7 42. Nc8+ Kd7 43. Nxa7 Nxc4 44. c6+ bxc6 45. Nxc6 Kd6
46. h4 Kd5 47. Ne7+ Ke6 48. Ng6 Kf5 49. h5 Kg5 50. Ke2 Kxh5 51. Nxf4+ Kg5 52.
Nd5 Kh4 53. Kd3 Na5 54. b6 Kg3 55. Ne3 g5 56. Kd4 Kf2 57. Ke4 Nb7 58. Kf5 Kxe3
59. Kxg5 Kd4 60. f4 Kc5 61. f5 Kxb6 62. f6 Nd8 63. Kg6 Kc6 64. f7 Ne6 65. Kf6
Kd6 66. g4 Nf8 67. g5 Nd7+ 68. Kg7 Ke7 69. g6 Nf8 70. Kh6 Nxg6 71. Kxg6 Kf8 72.
Kf6 1/2-1/2

[Event "International chess holiday M21"]
[Site "?"]
[Date "2017.07.25"]
[Round "4"]
[White "Kasparov, Sergey"]
[Black "Hogeman, Joel"]
[Result "1-0"]
[ECO "C06"]
[WhiteElo "2474"]
[BlackElo "2091"]
[Annotator "Koller,Martin"]
[PlyCount "91"]
[TimeControl "240+2"]

{279MB} 1. e4 e6 2. d4 d5 3. Nd2 Nf6 4. e5 Nfd7 5. Bd3 c5 6. c3 Nc6 7. Ne2 cxd4
8. cxd4 f6 9. exf6 Nxf6 10. Nf3 Bd6 11. O-O O-O 12. Bf4 Bxf4 13. Nxf4 Ne4 14.
Qc1 Ng5 15. Nxg5 Qxg5 16. Bxh7+ Kxh7 17. Nxe6 Qf5 18. Nxf8+ Qxf8 19. Qg5 Qf5
20. Qh4+ Kg8 21. Rae1 Bd7 22. Re3 Qg4 23. Qxg4 Bxg4 24. f3 Bh5 25. g4 Bf7 26.
Rd1 Kf8 27. h4 Rc8 28. Kf2 g6 29. Rd2 Kg7 30. Kg3 Kf6 31. Rc3 Re8 32. Rc1 Rh8
33. Rh1 Re8 34. Kf4 Rh8 35. Kg3 Re8 36. Rc1 Rh8 37. b4 Re8 38. b5 Na5 39. Rc7
Nc4 40. Rh2 Nd6 41. a4 Re3 42. Rhc2 Ra3 43. Rd7 Nc4 44. Re2 Nb6 45. Rxb7 Rxa4
46. g5+ 1-0

[Event "International chess holiday M21"]
[Site "?"]
[Date "2017.07.25"]
[Round "4"]
[White "Houska, Jiri"]
[Black "Dock, Lars"]
[Result "1-0"]
[ECO "B12"]
[WhiteElo "2191"]
[BlackElo "2027"]
[Annotator "Koller,Martin"]
[PlyCount "67"]
[TimeControl "240+2"]

{279MB} 1. e4 c6 2. d4 d5 3. e5 e6 4. Nf3 c5 5. c3 Nc6 6. Bd3 f5 7. Be3 c4 8.
Bc2 Bd7 9. g4 g6 10. gxf5 exf5 11. h4 Nh6 12. h5 Nf7 13. hxg6 hxg6 14. Rxh8
Nxh8 15. Nbd2 Nf7 16. Qe2 Be6 17. O-O-O Be7 18. Rg1 Qa5 19. Rxg6 Kd7 20. Ng5
Bxg5 21. Bxg5 Rh8 22. Qf3 f4 23. Bxf4 Qxa2 24. Bg5 Qa1+ 25. Nb1 Nxg5 26. Rxg5
Nd8 27. Bf5 Bxf5 28. Qxd5+ Kc8 29. Rxf5 Kb8 30. Rg5 Qa6 31. Rg8 Qh6+ 32. Nd2
Ka8 33. Rxd8+ Rxd8 34. Qxd8# 1-0

[Event "International chess holiday M21"]
[Site "?"]
[Date "2017.07.25"]
[Round "4"]
[White "Hentzgen , Thomas"]
[Black "Lokander, Martin"]
[Result "0-1"]
[ECO "D02"]
[WhiteElo "2015"]
[BlackElo "2329"]
[Annotator "Koller,Martin"]
[PlyCount "62"]
[TimeControl "240+2"]

{279MB} 1. d4 d5 2. Nf3 Nf6 3. g3 g6 4. Bg2 Bg7 5. O-O O-O 6. c3 Nbd7 7. a4 c5
8. a5 b6 9. Re1 Bb7 10. Qb3 Bc6 11. a6 Re8 12. Bf4 Nh5 13. Be3 Nhf6 14. Bf4 Nh5
15. Be3 e5 16. dxe5 Nxe5 17. Nxe5 Rxe5 18. Nd2 Qe7 19. Nf3 Rxe3 20. fxe3 Nf6
21. c4 dxc4 22. Qxc4 Qxe3+ 23. Kh1 Ne4 24. Rf1 Rd8 25. Ra3 Nf2+ 26. Kg1 Nh3+
27. Kh1 Nf2+ 28. Kg1 Nd3+ 29. Kh1 Qxe2 30. Qxf7+ Kxf7 31. Ng1+ Qxf1 0-1

[Event "International chess holiday M21"]
[Site "?"]
[Date "2017.07.25"]
[Round "4"]
[White "Malinarski, Yehuda"]
[Black "Vojta, Tomas"]
[Result "0-1"]
[ECO "B01"]
[WhiteElo "2081"]
[BlackElo "2367"]
[Annotator "Koller,Martin"]
[PlyCount "96"]
[TimeControl "240+2"]

{279MB} 1. e4 d5 2. exd5 Nf6 3. d4 Bg4 4. Qd3 Qxd5 5. Nc3 Qd7 6. a3 e6 7. Nf3
Nc6 8. Be3 Bxf3 9. gxf3 O-O-O 10. O-O-O Kb8 11. Kb1 g6 12. Ne4 Be7 13. Be2 e5
14. Nxf6 Bxf6 15. d5 Nd4 16. c3 Nxe2 17. Qxe2 Rhe8 18. Ka2 Qf5 19. Qc4 Qxf3 20.
d6 cxd6 21. Qxf7 Re7 22. Qd5 Qxd5+ 23. Rxd5 b6 24. Rhd1 Kc7 25. c4 Rf7 26. b4
Be7 27. Kb3 g5 28. a4 Rf3 29. a5 g4 30. Ka4 Kc6 31. b5+ Kc7 32. Rg1 h5 33. Kb4
Bh4 34. Rd2 Be7 35. Rd5 Rdf8 36. Ra1 Rb8 37. Rg1 Rh3 38. Rg2 Kd7 39. a6 Ke6 40.
Rg3 Rxh2 41. f4 Re2 42. Bd2 Rf8 43. fxe5 dxe5+ 44. Kc3 Rf3+ 45. Rd3 e4 46.
Rgxf3 gxf3 47. Re3 Bf6+ 48. Kc2 Rxd2+ 0-1

[Event "International chess holiday M21"]
[Site "?"]
[Date "2017.07.25"]
[Round "4"]
[White "Hartwig, Maik"]
[Black "Thomasson, Staffan"]
[Result "1-0"]
[ECO "B06"]
[WhiteElo "2097"]
[BlackElo "1921"]
[Annotator "Koller,Martin"]
[PlyCount "93"]
[TimeControl "240+2"]

{279MB} 1. d4 g6 2. e4 Bg7 3. Nc3 d6 4. Be3 Nd7 5. Nf3 c6 6. a4 Qa5 7. Bc4 Ngf6
8. O-O O-O 9. h3 e5 10. Qd2 Re8 11. Ng5 Rf8 12. Rad1 exd4 13. Bxd4 Ne5 14. Be2
h6 15. Nf3 Be6 16. Be3 Bc4 17. Nxe5 Bxe2 18. Nxc6 Nxe4 19. Nxa5 Nxd2 20. Rxd2
Bxf1 21. Kxf1 Rfd8 22. Bd4 Rd7 23. Ne4 Bxd4 24. Rxd4 Kg7 25. Nxd6 Rad8 26. Nac4
Kf6 27. c3 Ke7 28. Nb5 a6 29. Rxd7+ Kxd7 30. Nd4 Re8 31. g4 h5 32. f3 hxg4 33.
hxg4 Rh8 34. Kg2 Re8 35. Kf2 Rb8 36. Ke3 Re8+ 37. Kf4 Re1 38. a5 Rb1 39. Ke5
Ke7 40. Kd5 Kd7 41. Ne5+ Ke7 42. b4 Re1 43. c4 Rb1 44. b5 Ra1 45. Kc5 axb5 46.
cxb5 Rxa5 47. Ndc6+ 1-0

[Event "International chess holiday K21"]
[Site "?"]
[Date "2017.07.25"]
[Round "4"]
[White "Kasparova, Tatiana"]
[Black "Spindler, Markus"]
[Result "1-0"]
[ECO "C68"]
[WhiteElo "2190"]
[BlackElo "1979"]
[Annotator "Koller,Martin"]
[PlyCount "109"]
[TimeControl "240+2"]

{279MB} 1. e4 e5 2. Nf3 Nc6 3. Bb5 a6 4. Bxc6 dxc6 5. O-O Ne7 6. Nxe5 Qd4 7.
Qh5 g6 8. Qg5 Bg7 9. Nd3 f5 10. e5 c5 11. b3 b6 12. Bb2 Qg4 13. Qe3 Nd5 14. Qg3
Bb7 15. f3 Qxg3 16. hxg3 O-O-O 17. a3 h5 18. Nc3 g5 19. Rae1 a5 20. Rf2 Ba6 21.
Nxd5 Rxd5 22. e6 Bxb2 23. Nxb2 Re8 24. d3 h4 25. gxh4 gxh4 26. Rfe2 Kd8 27. Nd1
Bb7 28. Nf2 Ke7 29. Nh3 Kf6 30. f4 Bc8 31. e7 Rd6 32. Kf2 Re6 33. Ng5 Rxe2+ 34.
Rxe2 Rxe7 35. Rxe7 Kxe7 36. Nf3 h3 37. gxh3 Kf6 38. Ke3 Be6 39. Ne5 Bd5 40. d4
cxd4+ 41. Kxd4 Ke6 42. h4 c5+ 43. Kc3 b5 44. h5 b4+ 45. axb4 cxb4+ 46. Kb2 Kf6
47. c3 bxc3+ 48. Kxc3 Kg7 49. Nc4 Kh6 50. Nxa5 Kxh5 51. Kd4 Be6 52. b4 Bd7 53.
Nc4 Bc6 54. Nd6 Kg4 55. Ke5 1-0